 Dungeon Crawl Stone Soup version 0.31-a0-1591-g515db51633 (webtiles) character file.

Game seed: 8698558944826117911

9246 BigPumpCobain the Mimic (level 11, -1/86 HPs)
             Began as a Merfolk Shapeshifter on Jan 6, 2024.
             Was an Elder of the Shining One.
             Killed from afar by a gargoyle (7 damage)
             ... with a stone arrow
             ... on level 11 of the Dungeon.
             The game lasted 00:16:00 (10959 turns).

BigPumpCobain the Mimic (Merfolk Shapeshifter)     Turns: 10959, Time: 00:16:00

Health: -1/86      AC:  9    Str: 18    XL:     11   Next: 43%
Magic:  11/11      EV: 14    Int: 10    God:    the Shining One [****..]
Gold:   689        SH:  0    Dex: 14    Spells: 10/10 levels left

rFire   . .          .
                       - Unarmed
rCold   . . .        (no shield)
rNeg    + + .        l - +4 ring mail
rPois   .            (helmet currently unavailable)
rElec   .            (cloak currently unavailable)
rCorr   .            (gloves currently unavailable)
SInv    .            (boots currently unavailable)
Will    +....        (no amulet)
Stlth   +            q - ring of willpower
HPRegen 0.34/turn    (no ring)
MPRegen 0.12/turn

%: no passive effects
@: mighty, beast-form, glowing
A: beast (slay +4), (nimble swimmer 2), mertail
a: Begin Untransformation, Renounce Religion, Divine Shield, Cleansing Flame


You were on level 11 of the Dungeon.
You worshipped the Shining One.
The Shining One was greatly pleased with you.
You were a hulking beast.
You visited 2 branches of the dungeon, and saw 12 of its levels.

You collected 689 gold pieces.

Inventory:

Armour
 l - a +4 ring mail (worn)
Jewellery
 q - a ring of willpower (left hand)
 E - a ring of fire
Talismans
 c - a beast talisman
 d - a flux talisman
Wands
 e - a wand of charming (26)
 w - a wand of digging (5)
 A - a wand of flame (26)
 B - a wand of light (1)
Scrolls
 f - 5 scrolls of teleportation
 h - a scroll of fear
 i - 3 scrolls of poison
 k - 2 scrolls of silence
 o - a scroll of vulnerability
 r - a scroll of revelation
 v - a scroll of immolation
 y - a scroll of blinking
 z - a scroll of amnesia
 C - 2 scrolls of fog
Potions
 a - a potion of heal wounds {unknown}
 b - a potion of magic
 g - a potion of might
 j - 3 potions of degeneration
 m - 3 potions of mutation {unknown}
 n - 3 potions of brilliance
 p - a potion of invisibility {unknown}
 s - a potion of haste {unknown}
 t - a potion of attraction {unknown}
 u - a potion of curing


   Skills:
 + Level 7.9 Fighting
 + Level 9.0 Dodging
 * Level 11.8 Unarmed Combat
 * Level 12.9 Shapeshifting


You had 10 spell levels left.
You didn't know any spells.
Your spell library contained the following spells:

 Spells                   Type           Power      Damage    Failure   Level
 Apportation              Tloc           0%         N/A       56%         1
 Necrotise                Necr           0%         1d4       56%         1
 Sting                    Conj/Alch      0%         1d3       56%         1
 Summon Small Mammal      Summ           0%         N/A       56%         1
 Call Imp                 Summ           0%         N/A       71%         2
 Cigotuvi's Dreadful Rot  Necr/Alch/Air  0%         N/A       71%         2
 Jinxbite                 Hex            0%         N/A       71%         2
 Mercury Vapours          Alch/Air       0%         N/A       71%         2
 Sublimation of Blood     Necr           0%         N/A       71%         2
 Volatile Blastmotes      Fire/Tloc      0%         2d10      90%         3
 Cause Fear               Hex            0%         N/A       100%        4
 Fulminant Prism          Conj/Alch      0%         3d5       100%        4
 Ignite Poison            Fire/Alch      0%         N/A       100%        4
 Iskenderun's Mystic Bla  Conj/Tloc      0%         2d3       100%        4
 Olgreb's Toxic Radiance  Alch           0%         N/A       100%        4
 Alistair's Intoxication  Alch           0%         N/A       100%        5
 Fireball                 Conj/Fire      0%         3d3       100%        5
 Freezing Cloud           Conj/Ice/Air   0%         6-21      100%        5
 Summon Forest            Summ/Tloc      0%         N/A       100%        5
 Eringya's Noxious Bog    Alch           0%         4d6       100%        6
 Ozocubu's Refrigeration  Ice            0%         4d7       100%        7
 Summon Hydra             Summ           0%         N/A       100%        7
 Discord                  Hex            0%         N/A       100%        8
 Dragon's Call            Summ           0%         N/A       100%        9


Dungeon Overview and Level Annotations

Branches:
Dungeon (11/15)            Temple (1/1) D:5             Orc (0/2) D:9
   Lair: D:8-11

Altars:
Ashenzari
Cheibriados
Dithmenos
Elyvilon
Gozag
Hepliaklqana
Kikubaaqudgha
Makhleb
Nemelex Xobeh
Okawaru
Qazlal
Ru
Trog
Uskayaw
Vehumet
Wu Jian
Xom
Yredelemnul
Zin
The Shining One

Shops:
D:2 :   D:6 :

Portals:
Abyss: D:5

Annotations:
D:5 2 transporters, occam's ghost, novice MiFi
D:7 Jeremiah
D:10 Urug


Innate Abilities, Weirdness & Mutations

You are a hulking beast.
Your limbs bulge with bestial killing power. (Slay +4)
((You are very nimble when in or above water. (Stealth+, EV+, Speed+++)))
Your lower body shifts to a powerful aquatic tail in water.


Message History

You feel sick. The hornet closely misses you.
You hit the hornet.
The hornet is moderately wounded.
You feel yourself speed up.
You feel sick. The hornet barely misses you. x2
You pummel the hornet!!
The hornet is almost dead.
You feel sick. The hornet closely misses you.
You hit the hornet.
You kill the hornet!
You feel sick.
Your Dodging skill increases to level 9!
You hit the gargoyle.
The gargoyle is lightly damaged.
You feel sick.
You are no longer poisoned.
You hit the gargoyle but do no damage.
The gargoyle is lightly damaged.
The gargoyle hurls a stone arrow at you.
The stone arrow hits you!!
You punch the gargoyle!
The gargoyle is heavily damaged.
The gargoyle hits you with a +3 mace of holy wrath.
You hit the gargoyle.
The gargoyle is heavily damaged.
The gargoyle closely misses you.
You hit the gargoyle but do no damage.
The gargoyle is heavily damaged.
The gargoyle hits you with a +3 mace of holy wrath!
* * * LOW HITPOINT WARNING * * *
You barely miss the gargoyle.
The gargoyle is heavily damaged.
You hit the gargoyle but do no damage.
The gargoyle is heavily damaged.
The gargoyle hits you with a +3 mace of holy wrath!!
* * * LOW HITPOINT WARNING * * *
You feel very mighty all of a sudden.
The gargoyle hurls a stone arrow at you.
The stone arrow hits you!
You die...

#.......#
#..<....#
#.......#
#.......#
#.......#
#.......#
#.......#
#....9h.#
#....†.##
#.....##
#.....
#.....
#.....
#.....
#.....


You could see a gargoyle.

Vanquished Creatures
  2 two-headed ogres
  Pikel (D:7)
  4 hornets
  Sigmund (D:4)
  A shadow (D:9)
  A vampire (D:10)
  A wraith (D:9)
  A wyvern (D:9)
  5 yaks (D:8)
  Grum (D:9)
  Edmund (D:4)
  2 water moccasins
  An orc warrior (D:9)
  3 ice beasts
  A sky beast (D:6)
  2 black bears
  2 ogres
  4 wolves (D:9)
  2 centaurs
  5 phantoms
  4 kobold brigands
  2 bullfrogs
  A gnoll sergeant (D:8)
  A necrophage (D:5)
  5 scorpions
  A water moccasin zombie (D:5)
  10 wights
  A wyvern skeleton (D:5)
  20 killer bees
  A bombardier beetle (D:4)
  3 bullfrog zombies (D:5)
  A human zombie (D:5)
  2 hounds
  2 jellies
  3 gnoll boudas
  2 iguanas
  Jessica (D:2)
  3 orc wizards
  A scorpion zombie (D:5)
  Terence (D:3)
  A hound zombie (D:5)
  A howler monkey zombie (D:5)
  16 gnolls
  6 adders
  A shadow imp (D:5)
  3 white imps
  4 ufetubi
  An adder zombie (D:5)
  2 dart slugs
  6 ribbon worms
  11 orcs
  4 endoplasms
  3 giant cockroaches
  4 goblins
  9 hobgoblins
  7 jackals
  19 kobolds
  2 quokkas (D:2)
  4 ball pythons
  7 bats
  2 frilled lizards
  2 rats (D:2)
221 creatures vanquished.

Vanquished Creatures (others)
  A yak (D:8)
1 creature vanquished.

Grand Total: 222 creatures vanquished

Notes
Turn   | Place    | Note
-------+----------+-------------------------------------------
     0 | D:1      | BigPumpCobain the Merfolk Shapeshifter began the quest for
                  | the Orb.
     0 | D:1      | Reached XP level 1. HP: 15/15 MP: 1/1
   323 | D:1      | Reached XP level 2. HP: 21/21 MP: 2/2
   545 | D:1      | Found a faded altar of an unknown god.
   980 | D:2      | Noticed Jessica
   987 | D:2      | Killed Jessica
   988 | D:2      | Reached XP level 3. HP: 14/27 MP: 3/3
  1191 | D:2      | Reached XP level 4. HP: 33/33 MP: 4/4
  1353 | D:2      | Reached skill level 5 in Shapeshifting
  1742 | D:2      | Found Liusithro's Book Emporium.
  1919 | D:3      | Found a hazy altar of Hepliaklqana.
  1968 | D:3      | Found a burning altar of Makhleb.
  2169 | D:3      | Reached XP level 5. HP: 39/39 MP: 5/5
  2188 | D:3      | Found a broken altar of Ashenzari.
  2188 | D:3      | Noticed Terence
  2205 | D:3      | Killed Terence
  2608 | D:3      | Identified the +8 mace "Beastbane" {spect, *Noise rElec
                  | Stlth+}
  2918 | D:4      | Reached skill level 5 in Unarmed Combat
  2957 | D:4      | Reached skill level 6 in Shapeshifting
  2957 | D:4      | Reached XP level 6. HP: 45/46 MP: 6/6
  3205 | D:4      | Noticed a black bear
  3210 | D:4      | Killed a black bear
  3236 | D:4      | Found a bloodstained altar of Trog.
  3617 | D:4      | Noticed Edmund
  3618 | D:4      | Noticed Sigmund
  3634 | D:4      | Killed Edmund
  3635 | D:4      | Reached XP level 7. HP: 30/52 MP: 7/7
  3651 | D:4      | Killed Sigmund
  3652 | D:4      | Reached skill level 7 in Shapeshifting
  3830 | D:5      | Entered Level 5 of the Dungeon
  3954 | D:5      | Found a staircase to the Ecumenical Temple.
  3968 | Temple   | Entered the Ecumenical Temple
  3990 | Temple   | Became a worshipper of the Shining One
  4234 | D:5      | Found an ancient bone altar of Kikubaaqudgha.
  4247 | D:5      | Reached XP level 8. HP: 51/60 MP: 8/8
  4374 | D:5      | Reached * piety under the Shining One
  4420 | D:5      | Reached skill level 8 in Shapeshifting
  4558 | D:5      | Found a white marble altar of Elyvilon.
  4562 | D:5      | Found an iron altar of Okawaru.
  4651 | D:5      | Reached skill level 5 in Dodging
  5069 | D:5      | Noticed a two-headed ogre
  5080 | D:5      | Killed a two-headed ogre
  5081 | D:5      | Reached skill level 5 in Fighting
  5081 | D:5      | Reached skill level 9 in Shapeshifting
  5081 | D:5      | Reached XP level 9. HP: 16/68 MP: 9/9
  5310 | D:5      | Found an opulent altar of Gozag.
  5348 | D:5      | Found a transporter.
  5354 | D:5      | Found a one-way gate to the infinite horrors of the Abyss.
  5354 | D:5      | Noticed occam's ghost (novice MiFi)
  5490 | D:5      | Found a transporter.
  5632 | D:6      | Reached ** piety under the Shining One
  5804 | D:6      | Found Omuaqur's Self-Improvement Boutique.
  5865 | D:6      | Reached skill level 10 in Shapeshifting
  6672 | D:7      | Noticed a hornet
  6678 | D:7      | Reached XP level 10. HP: 67/76 MP: 10/10
  6891 | D:7      | Found a shimmering altar of Xom.
  6934 | D:7      | Reached skill level 11 in Shapeshifting
  6934 | D:7      | Noticed Pikel
  6940 | D:7      | Killed Pikel
  6941 | D:7      | Reached skill level 10 in Unarmed Combat
  7230 | D:7      | Reached *** piety under the Shining One
  7339 | D:7      | Noticed Jeremiah
  7542 | D:8      | Noticed a two-headed ogre
  7687 | D:8      | Found a sacrificial altar of Ru.
  7842 | D:8      | Found a basalt altar of Yredelemnul.
  7844 | D:8      | Found a snail-covered altar of Cheibriados.
  8120 | D:8      | Killed a two-headed ogre
  8121 | D:8      | Reached skill level 12 in Shapeshifting
  8594 | D:8      | Reached XP level 11. HP: 84/84 MP: 11/11
  9728 | D:9      | Identified the +0 robe of Death Resistance {Int+3}
 10171 | D:9      | Noticed Grum
 10184 | D:9      | Killed Grum
 10474 | D:9      | Found a staircase to the Orcish Mines.
 10658 | D:9      | Found a radiant altar of Vehumet.
 10888 | D:10     | Entered Level 10 of the Dungeon
 10938 | D:10     | Noticed Urug
 10938 | D:10     | Reached **** piety under the Shining One
 10943 | D:10     | Paralysed by a hornet for 3 turns
 10959 | D:11     | Killed from afar by a gargoyle

Illustrated notes

Levels and vault maps discovered:
D:1:      orjb1_lava_funnel, layout_basic, dreamdust_ecumenical_altar_grove,
          nicolae_houndstooth_variations
D:2:      layout_basic, serial_shops, nicolae_shop_tiny_statue_garden,
          minmay_misc_feat_iff, uniq_jessica
D:3:      layout_basic, nicolae_hepliaklqana_hazy_memory, ashenzari_altar_1,
          mainiacjoe_overflow_tiny_flanked, uniq_terence
D:4:      layout_basic, marbit_many_paths, sigmund_edmund_badplayer
D:5:      layout_basic, general_overflow_altar,
          lemuel_mausoleum_altar_kikubaaqudgha, jmf_multi_god_temple,
          minmay_temple_entry_mist, gammafunk_ghost_abyssal_escape
D:6:      layout_basic, nicolae_shop_self_help
D:7:      layout_cave_pools, lemuel_coloured_pillars_altar, uniq_pikel,
          uniq_jeremiah
D:8:      layout_basic, nicolae_ru_great_annihilating_truth,
          mainiacjoe_overflow_catwalk_spiral
D:9:      minmay_spotlight, layout_rooms, vehumet_crystals, orc_0_dummy,
          eino_jars, uniq_grum
D:10:     layout_rooms, kennysheep_mini, kennysheep_mini_moat, erik_lair_island,
          serial_shops, shop_statue, chequers_serial_rivers_marsh, uniq_urug
D:11:     layout_cross, gammafunk_ghost_ooze, serial_shops,
          nicolae_shop_pleasant_corner_grove
Temple:   hellmonk_temple_of_storms

Skill      XL: |  1  2  3  4  5  6  7  8  9 10 11 |
---------------+----------------------------------+-----
Unarmed Combat | 4 5 6 8 9 11 | 11.8
Fighting       | 2 3 4 5 6 7 |  7.9
Shapeshifting  | 5 6 7 9 10 12 | 12.9
Dodging        | 3 4 5 6 8 9 |  9.0

Action                     |  1- 3 |  4- 6 |  7- 9 | 10-12 || total
---------------------------+-------+-------+-------+-------++-------
  Melee: Unarmed           |    54 |   177 |   229 |   301 ||   761
         Punch             |     1 |     4 |    16 |    23 ||    44
         Tailslap          |       |       |       |     2 ||     2
  Evoke: Wand              |       |       |       |     4 ||     4
    Use: Scroll            |       |     4 |     7 |     4 ||    15
         Potion            |       |     1 |     7 |     5 ||    13
   Stab: Sleeping          |     2 |       |       |       ||     2
 Armour: Animal skin       |    19 |       |       |       ||    19
         Ring mail         |       |   108 |   116 |   216 ||   440
         Skin              |       |    14 |    15 |    53 ||    82
  Dodge: Dodged            |    25 |   104 |   101 |   242 ||   472

Table legend: (Time is in decaauts)
 A = Elapsed time spent in this place.
 B = Non-inter-level travel time spent in this place.
 C = Inter-level travel time spent in this place.
 D = Time resting spent in this place.
 E = Time spent auto-exploring this place.
 F = Levels seen in this place.
 G = Mean time per level.
                   A        B        C        D        E       F      G
               +--------+--------+--------+--------+--------+-----+--------+
         Total |  10867 |  10557 |    310 |   1818 |   7140 |  12 |  905.6 |
       Dungeon |  10823 |  10534 |    289 |   1818 |   7140 |  11 |  983.9 |
        Temple |     43 |     22 |     21 |      0 |      0 |   1 |   43.0 |
               +--------+--------+--------+--------+--------+-----+--------+

Top non-repeatable levels by time:
     D:8: 2228 daAuts
     D:5: 1634 daAuts
     D:9: 1255 daAuts
     D:2: 1021 daAuts
     D:4: 1006 daAuts
     D:3: 956 daAuts
     D:7: 931 daAuts
     D:6: 895 daAuts
     D:1: 824 daAuts
    D:10: 57 daAuts
  Temple: 43 daAuts
    D:11: 10 daAuts
